 Dungeon Crawl Stone Soup version 0.25-a0-571-gb5e01bddfa (webtiles) character file.

Game seed: 18301990416790528758, levelgen mode: deterministic

632 Eurus the Conjurer (level 7, -2/51 HPs)
             Began as a Human Conjurer on Feb 29, 2020.
             Killed from afar by Blork the orc (11 damage)
             ... with a puff of flame
             ... on level 4 of the Dungeon.
             The game lasted 00:15:41 (6048 turns).

Eurus the Conjurer (Human Conjurer)                 Turns: 6048, Time: 00:15:41

Health: -2/51      AC:  4    Str:  9    XL:     7   Next: 78%
Magic:  11/13      EV: 13    Int: 17    God:
Gold:   220        SH:  0    Dex: 13    Spells: 7/14 levels left

rFire    . . .     SeeInvis .   o - +1 dagger (holy)
rCold    . . .     Gourm    .   (no shield)
rNeg     . . .     Faith    .   a - +0 robe
rPois    .         Spirit   .   b - +0 helmet
rElec    .         Reflect  .   (no cloak)
rCorr    .         Harm     .   s - +0 pair of gloves
MR       .....                  (no boots)
Stlth    ++........             (no amulet)
HPRegen  0.17/turn              (no ring)
MPRegen  0.13/turn              (no ring)

@: brilliant, very slightly contaminated
A: no striking features
a: no special abilities


You were on level 4 of the Dungeon.
You were not hungry.

You visited 1 branch of the dungeon, and saw 5 of its levels.

You collected 220 gold pieces.

Inventory:

Hand Weapons
 k - a +0 hand axe of venom
 o - a +1 dagger of holy wrath (weapon)
 p - a +2 falchion of electrocution
Armour
 a - a +0 robe (worn)
 b - a +0 helmet (worn)
 s - a +0 pair of gloves (worn)
Jewellery
 f - a +2 ring of strength {unknown}
Wands
 l - a wand of flame (8)
Scrolls
 d - 2 scrolls of magic mapping {unknown}
 e - a scroll of enchant armour {unknown}
 i - 2 scrolls of remove curse {unknown}
 j - 4 scrolls of identify {unknown}
 m - a scroll of immolation {unknown}
 n - a scroll of enchant weapon {unknown}
 q - 2 scrolls of fear {unknown}
 r - a scroll of fog {unknown}
 w - a scroll of blinking {unknown}
Potions
 g - 2 potions of brilliance
 h - 2 potions of curing {unknown}
 t - a potion of mutation {unknown}
 u - a potion of stabbing {unknown}
Comestibles
 c - 8 rations
 v - 2 chunks of flesh


   Skills:
 + Level 2.7 Fighting
 + Level 2.6 Armour
 + Level 2.4 Dodging
 - Level 2.0 Stealth
 * Level 4.3 Spellcasting
 * Level 5.9 Conjurations
 * Level 1.7 Translocations


You had 7 spell levels left.
You knew the following spells:

 Your Spells              Type           Power        Failure   Level  Hunger
a - Magic Dart            Conj           ####         1%          1    None
b - Searing Ray           Conj           #####.       1%          2    None
c - Iskenderun's Mystic   Conj/Tloc      ###.....     32%         4    None

Your spell library contained the following spells:

 Spells                   Type           Power        Failure   Level  Hunger
 Dazzling Flash           Conj/Hex       ###...       14%         3    None
 Fulminant Prism          Conj/Hex       ###.......   41%         4    None


Dungeon Overview and Level Annotations

Branches:
Dungeon (5/15)
 Temple: D:4-7

Altars:
Hepliaklqana
Sif Muna
Trog
Vehumet
The Shining One

Shops:
D:5 (

Annotations:
D:4 2 transporters, Blork the orc; Thargor's ghost, novice BaFi
D:5 Grinder; Sigmund


Message History

There is a stone staircase leading up here.
Blork the orc barely misses you.
You climb upwards.
Level annotation: 2 transporters, Thargor's ghost, novice BaFi
There is a stone staircase leading down here.
Blork the orc zaps a wand.
The puff of flame hits you.
* * * LOW HITPOINT WARNING * * *
It was a potion of brilliance.
You feel clever all of a sudden. Blork the orc closely misses you.
Casting: Magic Dart (safe; 1% risk of failure)
Confirm with . or Enter, or press ? or * to list all spells.
Aiming: Searing Ray (safe; 1% risk of failure)
Press: ? - help, Shift-Dir - straight line, f - Blork the orc
Aim: Blork the orc, wielding a +0 vorpal battleaxe, wearing a +0 robe and carrying a wand of flame (7) (fast)
You feel a surge of power!
You miscast Searing Ray.
You are very lightly contaminated with residual magic.
Nothing appears to happen.
Blork the orc zaps a wand.
The puff of flame hits you!
You die...

# ##.## #.#
######### #.#
#.....# ##.##
#####.#########...##
# #..............# #
###########....# #
##>#.# # #o#.# #
#@#.# #############
#...# ............#
#..## ###########.#
#..# # #.# #..# #
#.# #..# # #.####..#
###########.#.....#
##............###.#


You could see Blork the orc.

Vanquished Creatures
  A phantom (D:4)
  A hound (D:4)
  A jelly (D:4)
  3 orc priests
  2 orc wizards
  An iguana (D:4)
  3 worker ants (D:4)
  A hound skeleton (D:5)
  8 gnolls
  An adder (D:2)
  A shadow imp (D:5)
  An ooze (D:3)
  3 worms
  5 dart slugs
  2 leopard geckos
  20 orcs
  7 bats
  5 giant cockroaches
  8 goblins
  8 hobgoblins
  2 jackals (D:2)
  8 kobolds
  2 ball pythons
  3 frilled lizards
  13 rats
110 creatures vanquished.

Notes
Turn   | Place    | Note
-------+----------+-------------------------------------------
     0 | D:1      | Eurus the Human Conjurer began the quest for the Orb.
     0 | D:1      | Reached XP level 1. HP: 13/13 MP: 3/3
   237 | D:1      | Reached XP level 2. HP: 19/19 MP: 0/5
   255 | D:1      | Learned a level 2 spell: Searing Ray
   576 | D:1      | Reached XP level 3. HP: 25/25 MP: 2/6
   722 | D:1      | Reached skill level 1 in Armour
  1148 | D:2      | Reached skill level 1 in Fighting
  1295 | D:2      | Found a glowing golden altar of the Shining One.
  1310 | D:2      | Reached XP level 4. HP: 31/32 MP: 2/8
  1314 | D:2      | Found a shimmering blue altar of Sif Muna.
  1375 | D:2      | Found a radiant altar of Vehumet.
  1606 | D:2      | Reached XP level 5. HP: 37/37 MP: 5/9
  2796 | D:2      | Reached skill level 5 in Conjurations
  2919 | D:2      | Reached XP level 6. HP: 28/44 MP: 0/11
  3862 | D:3      | Found a faded altar of an unknown god.
  4157 | D:3      | Found a bloodstained altar of Trog.
  4328 | D:3      | Learned a level 4 spell: Iskenderun's Mystic Blast
  4348 | D:4      | Found a transporter.
  4411 | D:4      | Found a transporter.
  4411 | D:4      | Noticed Thargor's ghost (novice BaFi)
  4681 | D:4      | Reached XP level 7. HP: 51/51 MP: 7/12
  5160 | D:4      | Found a hazy altar of Hepliaklqana.
  5456 | D:5      | Entered Level 5 of the Dungeon
  5456 | D:5      | Noticed Sigmund
  5528 | D:5      | Found Kuc Jeag's Weapon Emporium.
  5550 | D:5      | Noticed Grinder
  5603 | D:5      | Reached skill level 1 in Translocations
  6026 | D:5      | Noticed Blork the orc
  6048 | D:4      | Killed from afar by Blork the orc

Levels and vault maps discovered:
D:1:      moated_graveyard_arrival, layout_loops_cross
D:2:      layout_basic, grunt_temple_overflow_open
D:3:      layout_basic, lemuel_round_altar, first_ration,
          chequers_ecumenical_altar_simple_redux
D:4:      layout_loops_ring, kennysheep_mini_moat, gammafunk_ghost_mausoleum,
          kennysheep_dice
D:5:      layout_cave_pools, serial_shops, nicolae_shop_behind_doors,
          uniq_blork_the_orc, uniq_grinder, uniq_sigmund

Skill      XL: |  1  2  3  4  5  6  7 |
---------------+----------------------+-----
Armour         | 1 2 |  2.6
Fighting       | 1 2 |  2.7
Spellcasting   | 3 4 |  4.3
Conjurations   | 5 |  5.9
Translocations | 1 |  1.7
Dodging        | |  2.4
Stealth        | |  2.0

Action                   |  1- 3 |  4- 6 |  7- 9 || total
-------------------------+-------+-------+-------++-------
Melee: Unarmed           |    10 |       |       ||    10
       Dagger            |    17 |   138 |    33 ||   188
 Cast: Magic Dart        |    61 |    61 |    23 ||   145
       Searing Ray       |       |    18 |     7 ||    25
  Use: Potion            |       |       |     1 ||     1
 Stab: Sleeping          |       |     1 |       ||     1
  Eat: Chunk             |     2 |    11 |     5 ||    18
Armor: Robe              |     5 |    21 |    10 ||    36
Dodge: Dodged            |    17 |   108 |    45 ||   170

Table legend:
 A = Non-vault XP
 B = Vault XP
 C = Vault XP percentage of total XP
 D = Non-vault monster count
 E = Vault monster count
 F = Vault count percentage of total count
                 A         B        C        D         E       F
            +---------+---------+-------+---------+---------+-------
      Total |     862 |      41 |   4.5 |     108 |       2 |   1.8
            +---------+---------+-------+---------+---------+-------
        D:1 |      48 |       0 |   0.0 |      27 |       0 |   0.0
        D:2 |     208 |       0 |   0.0 |      33 |       0 |   0.0
        D:3 |     202 |       0 |   0.0 |      33 |       0 |   0.0
        D:4 |     327 |      41 |  11.1 |       8 |       2 |  20.0
        D:5 |      77 |       0 |   0.0 |       7 |       0 |   0.0
            +---------+---------+-------+---------+---------+-------
